 Dungeon Crawl Stone Soup version 0.28-a0-514-g0d7ab7f379 (webtiles) character file.

Game seed: 1178474434967040415

387 robertstho the Magician (level 7, -1/48 HPs)
             Began as a Djinni Fire Elementalist on Sept 22, 2021.
             Slain by a phantom (7 damage)
             ... on level 3 of the Dungeon.
             The game lasted 00:04:41 (3960 turns).

robertstho the Magician (Djinni Fire Elementalist)  Turns: 3960, Time: 00:04:42

Health: -1/48      AC:  3    Str:  7    XL:     7   Next: 7%
Gold:   186        EV: 12    Int: 18    God:
                   SH:  0    Dex: 14

rFire   + + .      SeeInvis .   d - +1 hand axe (freeze)
rCold   x . .      Faith    .   (no shield)
rNeg    . . .      Spirit   .   a - +0 robe
rPois   ∞          Reflect  .   (no helmet)
rElec   .          Harm     .   g - +0 cloak
rCorr   .          Rampage  .   (no gloves)
Will    .....                   (boots unavailable)
Stlth   ++........              (no amulet)
HPRegen 0.16/turn               (no ring)
MPRegen 0.00/turn               (no ring)

@: flying, hasted, very quick
A: sickness immunity, fire resistance 2, cold vulnerability 1, float, innate
caster, hp casting, extra vitality 1
a: no special abilities


You were on level 3 of the Dungeon.
You visited 1 branch of the dungeon, and saw 4 of its levels.

You collected 186 gold pieces.

Inventory:

Hand Weapons
 d - a +1 hand axe of freezing (weapon)
Missiles
 p - a throwing net
Armour
 a - a +0 robe (worn)
 g - a +0 cloak (worn)
Wands
 o - a wand of digging (6)
Scrolls
 h - a scroll of teleportation
 j - a scroll of enchant armour
 k - a scroll of immolation
Potions
 b - a potion of brilliance {unknown}
 c - a potion of curing {unknown}
 f - a potion of invisibility {unknown}
 l - 2 potions of flight
 m - 2 potions of degeneration {unknown}
 n - a potion of magic {unknown}
 q - a potion of ambrosia {unknown}


   Skills:
 * Level 1.6 Fighting
 + Level 0.2 Axes
 + Level 2.7 Dodging
 + Level 1.7 Stealth
 + Level 0.1 Unarmed Combat
 * Level 5.2 Spellcasting


You couldn't memorise any spells.
You knew the following spells:

 Your Spells              Type           Power      Damage    Failure   Level
a - Foxfire               Conj/Fire      92%        2x1d8     1%          1
b - Scorch                Fire           46%        2d7       2%          2
c - Conjure Flame         Conj/Fire      23%        6-21      4%          3
d - Inner Flame           Hex/Fire       23%        N/A       4%          3
e - Flame Wave            Conj/Fire      23%        3d6       16%         4
f - Apportation           Tloc           46%        N/A       1%          1
g - Call Imp              Summ           23%        N/A       2%          2
h - Wereblood             Tmut           23%        N/A       2%          2
Your spell library was empty.

Dungeon Overview and Level Annotations

Branches:
Dungeon (4/15)
 Temple: D:4-7

Altars:
Uskayaw
Wu Jian
Xom

Shops:
D:2 =

Annotations:
D:2 Jewellry shop
D:4 Pikel


Innate Abilities, Weirdness & Mutations

You are immune to sickness and miasma.
You are immune to poison.
Your flesh is very heat resistant. (rF++)
You are vulnerable to cold. (rC-)
You float through the air rather than walking.
You learn spells naturally, not from books.
Your magical power is your life essence.
You have superior vitality. (+4 HP)


Message History

You hear a shout!
Grinder zaps a wand.
The puff of flame hits you. You resist.
A wave of flame ripples out!
The flame wave engulfs Grinder!
Grinder is severely wounded.
You finish channelling waves of flame.
You hear a shout! x3
Grinder gestures at you. You resist with some effort.
Unknown command.
Casting: Flame Wave (quite dangerous; 22% risk of failure)
Confirm with . or Enter, or press ? or * to list all spells.
Flames lash Grinder.
Grinder is almost dead.
Grinder's fire resistance burns away.
* * * LOW HITPOINT WARNING * * *
A phantom comes into view.
Grinder misses you.
Your magical contamination has completely faded away.
Casting: Scorch (safe; 3% risk of failure)
Confirm with . or Enter, or press ? or * to list all spells.
Flames lash the phantom.
The phantom is moderately damaged.
The phantom's fire resistance burns away.
* * * LOW HITPOINT WARNING * * *
Grinder closely misses you.
Casting: Scorch (safe; 3% risk of failure)
Confirm with . or Enter, or press ? or * to list all spells.
Flames lash Grinder.
Grinder is burned terribly!
You kill Grinder!
* * * LOW HITPOINT WARNING * * *
Your Spellcasting skill increases to level 5!
You have reached level 7!
The power to cast Wereblood wells up from within.
Spell assigned to 'h'.
The phantom hits you.
* * * LOW HITPOINT WARNING * * *
You fly upwards.
There is a stone staircase leading down here.
You feel yourself speed up. The phantom hits you!
You die...

....##........##.#
#...####...
....##...........######...#
#...
....##......#.#...........#
#...
....##......#.#.........###
#...
....##......#...........#
#...
....##......##.#.########
#... ######......##...#
#... #......###W.# #...
#......# #.@# #... #......#
#### #... ######## #...
#... #... #... ####


You could see a phantom (combustible).

Vanquished Creatures
  Grinder (D:4)
  Natasha (D:4)
  4 gnolls
  6 adders
  7 orcs
  9 ball pythons
  3 endoplasms
  4 giant cockroaches
  5 goblins
  6 hobgoblins
  4 jackals (D:1)
  5 quokkas
  8 bats
  A frilled lizard (D:2)
  2 kobolds
  5 rats
71 creatures vanquished.

Vanquished Creatures (others)
  92 foxfires
92 creatures vanquished.

Grand Total: 163 creatures vanquished

Notes
Turn   | Place    | Note
-------+----------+-------------------------------------------
     0 | D:1      | robertstho the Djinni Fire Elementalist began the quest for
                  | the Orb.
     0 | D:1      | Reached XP level 1. HP: 15/15 MP: 0/0
   496 | D:1      | Reached XP level 2. HP: 19/21 MP: 0/0
   864 | D:1      | Reached skill level 3 in Spellcasting
   924 | D:1      | Found a faded altar of an unknown god.
  1147 | D:2      | Reached XP level 3. HP: 24/26 MP: 0/0
  1147 | D:2      | Learned a level 1 spell: Apportation
  1210 | D:2      | Found a hide-covered altar of Uskayaw.
  1345 | D:2      | Reached XP level 4. HP: 18/31 MP: 0/0
  1969 | D:2      | Found Miof's Jewellery Shop.
  2514 | D:3      | Found an ornate altar of the Wu Jian Council.
  2559 | D:3      | Reached XP level 5. HP: 31/36 MP: 0/0
  2559 | D:3      | Learned a level 2 spell: Call Imp
  2778 | D:3      | Reached skill level 4 in Spellcasting
  3174 | D:3      | Reached skill level 1 in Fighting
  3582 | D:4      | Found a shimmering altar of Xom.
  3595 | D:4      | Noticed a lemure
  3598 | D:4      | Noticed Pikel
  3602 | D:4      | Noticed a lemure
  3612 | D:4      | Noticed a lemure
  3612 | D:4      | Noticed a lemure
  3945 | D:4      | Noticed Natasha
  3948 | D:4      | Noticed Grinder
  3949 | D:4      | Killed Natasha
  3949 | D:4      | Paralysed by Grinder for 3 turns
  3950 | D:4      | Reached XP level 6. HP: 30/42 MP: 0/0
  3957 | D:4      | Killed Grinder
  3958 | D:4      | Reached skill level 5 in Spellcasting
  3958 | D:4      | Reached XP level 7. HP: 10/48 MP: 0/0
  3958 | D:4      | Learned a level 2 spell: Wereblood
  3960 | D:3      | Slain by a phantom

Illustrated notes

Levels and vault maps discovered:
D:1:      dpeg_arrival_leaves_temple_mockup, layout_rooms,
          basic_ecumenical_altar, minmay_pentomino_v4
D:2:      layout_loops_ring, serial_shops, nicolae_shop_stone, basic_altar
D:3:      minmay_diamond_boxcup, layout_basic, lemuel_coloured_pillars_altar
D:4:      layout_loops_cross, mainiacjoe_overflow_catwalk,
          mainiacjoe_overflow_brackets, uniq_pikel, uniq_natasha, uniq_grinder,
          uniq_robin

Skill      XL: |  1  2  3  4  5  6 |
---------------+-------------------+-----
Spellcasting   | 3 4 5 |  5.2
Fighting       | 1 |  1.6
Axes           | |  0.2
Dodging        | |  2.7
Stealth        | |  1.7
Unarmed Combat | |  0.1

Action                   |  1- 3 |  4- 6 |  7- 9 || total
-------------------------+-------+-------+-------++-------
Melee: Unarmed           |     3 |       |       ||     3
       Hand axe          |       |    14 |       ||    14
 Cast: Foxfire           |    55 |     1 |       ||    56
       Scorch            |     2 |    66 |       ||    68
       Flame Wave        |       |     1 |       ||     1
  Use: Scroll            |       |     3 |       ||     3
       Potion            |       |     2 |     1 ||     3
Armor: Robe              |     2 |     9 |       ||    11
Dodge: Dodged            |    12 |    36 |       ||    48

Table legend: (Time is in decaauts)
 A = Elapsed time spent in this place.
 B = Non-inter-level travel time spent in this place.
 C = Inter-level travel time spent in this place.
 D = Time resting spent in this place.
 E = Time spent auto-exploring this place.
 F = Levels seen in this place.
 G = Mean time per level.
                   A        B        C        D        E       F      G
               +--------+--------+--------+--------+--------+-----+--------+
         Total |   3950 |   3862 |     88 |    238 |   3208 |   4 |  987.5 |
       Dungeon |   3950 |   3862 |     88 |    238 |   3208 |   4 |  987.5 |
               +--------+--------+--------+--------+--------+-----+--------+

Top non-repeatable levels by time:
     D:3: 1474 daAuts
     D:2: 1267 daAuts
     D:1: 1116 daAuts
     D:4: 92 daAuts
